 Dungeon Crawl Stone Soup version 0.21.1-1-g345015fe64 (webtiles) character file.

204 Evaline the Archer (level 5, -3/42 HPs)
             Began as a Centaur Hunter on June 22, 2018.
             Slain by a killer bee (5 damage)
             ... on level 3 of the Dungeon.
             The game lasted 00:13:12 (2599 turns).

Evaline the Archer (Centaur Hunter)                 Turns: 2599, Time: 00:13:13

Health: -3/42      AC:  5    Str: 15    XL:     5   Next: 52%
Magic:  5/5        EV: 12    Int: 10    God:
Gold:   96         SH:  0    Dex: 10    Spells: 4/4 levels left

rFire    . . .     SeeInvis .   b - +1 shortbow
rCold    . . .     Gourm    .   (shield currently unavailable)
rNeg     . . .     Faith    .   c - +0 leather armour
rPois    .         Spirit   .   r - +0 helmet (curse)
rElec    .         Reflect  .   (no cloak)
rCorr    .         Harm     .   (no gloves)
MR       .....                  (no barding)
Stlth    +.........             (no amulet)
HPRegen  0.14/turn              j - +3 ring of evasion
MPRegen  0.09/turn              (no ring)

@: lethally poisoned (-3 -> -10), very quick
A: large, hooves 3, deformed body, speed 2, tough skin 3
a: no special abilities


You were on level 3 of the Dungeon.
You were not hungry.

You visited 1 branch of the dungeon, and saw 3 of its levels.

You collected 96 gold pieces.

Inventory:

Hand Weapons
 a - a +0 club
 b - a +1 shortbow (weapon)
 q - a +5 falchion of holy wrath
Missiles
 d - 32 arrows (quivered)
 e - 91 stones
Armour
 c - a +0 leather armour (worn)
 r - a cursed +0 helmet (worn)
Jewellery
 j - a +3 ring of evasion (left hand)
Scrolls
 g - 6 scrolls of remove curse {unknown}
 i - 7 scrolls of identify {unknown}
 k - a scroll of fog {unknown}
 n - a scroll of teleportation {unknown}
 s - a scroll of blinking {unknown}
Potions
 l - 2 potions of mutation {unknown}
 m - a potion of might {unknown}
 o - 2 potions of heal wounds {unknown}
 p - a potion of curing {unknown}
Comestibles
 f - 4 rations
 h - 13 chunks of flesh


   Skills:
 + Level 2.4 Fighting
 * Level 8.4 Bows
 + Level 1.1 Armour
 - Level 1.3 Dodging
 - Level 0.4 Stealth


You had 4 spell levels left.
You didn't know any spells.

Dungeon Overview and Level Annotations

Branches:
Dungeon (3/15)

Altars:


Innate Abilities, Weirdness & Mutations

You have hooves in place of feet.
Armour fits poorly on your strangely shaped body.
You cover ground very quickly.
You have extremely tough skin. (AC +3)


Message History

Aim: a killer bee (severely wounded)
You shoot an arrow.
The arrow closely misses the killer bee.
The arrow hits the kobold.
The kobold is moderately wounded.
You feel sick.
The killer bee stings you but does no damage.
The killer bee closely misses you.
The killer bee stings you but does no damage.
You feel sick. The killer bee stings you. The killer bee stings you.
* * * LOW HITPOINT WARNING * * *
The killer bee closely misses you.
The killer bee stings you but does no damage.
You feel sick. The killer bee stings you.
* * * LOW HITPOINT WARNING * * *
The killer bee stings you!
* * * LOW HITPOINT WARNING * * *
The killer bee stings you.
You die...

########### #.........#
#...<.....# #. #.........#
..#.#######.........#
..#..#...##.........####
.........#.....@yy....#
#..............yy.##l#####
#........÷.....y..KS(...(#
#.................##..##...
###.......÷..##..#####..#
.........###.#..........#
##.###.#####......##..y.##
##............#...#?..l(.##
........#####...#(..###...#


You could see 5 killer bees, an adder, a leopard gecko and a kobold.

Vanquished Creatures
  A hound (D:2)
  Robin (D:2)
  9 adders
  A worm (D:2)
  5 dart slugs
  2 leopard geckos
  7 bats
  5 giant cockroaches
  13 goblins
  8 hobgoblins
  11 kobolds
  A quokka (D:2)
  2 frilled lizards
  3 rats
69 creatures vanquished.

Notes
Turn   | Place    | Note
-------+----------+-------------------------------------------
     0 | D:1      | Evaline the Centaur Hunter began the quest for the Orb.
     0 | D:1      | Reached XP level 1. HP: 17/17 MP: 1/1
    77 | D:1      | Reached XP level 2. HP: 12/24 MP: 2/2
    92 | D:1      | Reached skill level 6 in Bows
   908 | D:2      | Noticed Robin
   951 | D:2      | Reached XP level 3. HP: 8/29 MP: 3/3
  1642 | D:2      | Reached skill level 7 in Bows
  1776 | D:2      | Reached XP level 4. HP: 34/36 MP: 4/4
  1886 | D:2      | Reached skill level 1 in Armour
  2101 | D:2      | Killed Robin
  2101 | D:2      | Reached XP level 5. HP: 42/42 MP: 5/5
  2125 | D:2      | Reached skill level 8 in Bows
  2598 | D:3      | HP: 2/42 [killer bee (7)]
  2599 | D:3      | Slain by a killer bee

Skill      XL: |  1  2  3  4  5 |
---------------+----------------+-----
Bows           | 6 7 8 |  8.4
Armour         | 1 |  1.1
Fighting       | |  2.4
Dodging        | |  1.3
Stealth        | |  0.4

Action                   |  1- 3 |  4- 6 || total
-------------------------+-------+-------++-------
Melee: Short sword       |    26 |       ||    26
       Kick              |    16 |     3 ||    19
       Club              |    61 |    10 ||    71
 Fire: Shortbow          |    26 |   120 ||   146
Throw: Stone             |     1 |       ||     1
  Eat: Chunk             |     2 |     2 ||     4
Armor: Leather armour    |    22 |    28 ||    50
Dodge: Dodged            |    53 |    58 ||   111
